 Seeded DCSS version 0.30-a0-269-gf0224bf7b6 (webtiles) character file.

Game seed: 2039437283393860379 (custom seed)

51593 purpskrrrp the Swashbuckler (level 14, -9/92 HPs)
             Began as a Tengu Brigand on Oct 14, 2022.
             Was a High Priest of Qazlal.
             Mangled by a sun demon (17 damage)
             ... summoned by an orc sorcerer
             ... while paralysed by an orc sorcerer
             ... on level 2 of the Orcish Mines.
             The game lasted 00:51:42 (21637 turns).

purpskrrrp the Swashbuckler (Tengu Brigand)        Turns: 21637, Time: 00:51:42

Health: -9/92      AC: 10    Str:  9      XL:     14   Next: 60%
Magic:  20/20      EV:  2    Int: 13 (15) God:    Qazlal [*****.]
Gold:   622        SH:  0    Dex: 19      Spells: 13/13 levels left

rFire   + . .      SeeInvis .    x - +8 short sword (speed)
rCold   . . .      Faith    .    (no shield)
rNeg    . . .      Spirit   .    d - +0 leather armour of the Mauling Gods {+Inv Str-3 Slay+3}
rPois   .          Reflect  +    (helmet restricted)
rElec   .          Harm     .    c - +2 cloak
rCorr   .          Rampage  .    e - +2 pair of gloves
Will    +....                    (boots unavailable)
Stlth   +.........               j - amulet of reflection
HPRegen 0.00/turn                k - +4 ring of slaying
MPRegen 0.17/turn                V - +4 ring of evasion

@: paralysed, protected from fire, flying quickly and evasively, inhibited
regen, repel missiles, quick
A: beak, talons 3, nimble flight, clever 1, screaming 1, shaggy fur 1, inhibited
regeneration
a: Renounce Religion, Evoke Invisibility, Upheaval, Elemental Force, Disaster
Area


You were on level 2 of the Orcish Mines.
You worshipped Qazlal.
Qazlal was extremely pleased with you.
You visited 4 branches of the dungeon, and saw 21 of its levels.
You also visited: Bailey.

You collected 1383 gold pieces.
You spent 761 gold pieces at shops.

Inventory:

Hand Weapons
 a - a +2 dagger
 x - a +8 short sword of speed (weapon)
Armour
 b - a +0 robe
 c - a +2 cloak (worn)
 d - the +0 leather armour of the Mauling Gods (worn) {+Inv Str-3 Slay+3}
   (You found it on level 3 of the Dungeon)

   Str:       It affects your strength (-3).
   Slay:      It affects your accuracy & damage with ranged weapons and melee
   (+3).
   +Inv:      It lets you turn invisible.
 e - a +2 pair of gloves (worn)
 N - +1 acid dragon scales
Jewellery
 j - an amulet of reflection (around neck)
 k - a +4 ring of slaying (left hand)
 l - a ring of magical power
 q - a ring of ice
 s - a ring of see invisible
 G - a +6 ring of intelligence
 I - a ring of positive energy
 U - a ring of wizardry
 V - a +4 ring of evasion (right hand)
Wands
 A - a wand of paralysis (23) (quivered)
 L - a wand of light (2)
Scrolls
 h - 8 scrolls of teleportation
 r - 3 scrolls of identify
 v - 3 scrolls of silence
 y - a scroll of amnesia
 D - 3 scrolls of butterflies
 F - 2 scrolls of summoning
 J - a scroll of magic mapping
 K - 3 scrolls of poison
 P - 3 scrolls of blinking
 Q - 4 scrolls of fear
 S - a scroll of immolation
Potions
 f - 5 potions of might
 g - 12 potions of curing
 i - 2 potions of ambrosia
 m - a potion of cancellation
 n - 3 potions of invisibility
 o - 3 potions of haste
 p - a potion of heal wounds
 t - 3 potions of flight
 u - 3 potions of berserk rage
 w - 4 potions of brilliance
 B - 2 potions of lignification {unknown}
 C - 4 potions of mutation
 E - 3 potions of magic
 H - 2 potions of attraction
 R - 3 potions of degeneration
Miscellaneous
 z - a condenser vane


   Skills:
 + Level 12.3 Fighting
 * Level 18.3 Short Blades
 - Level 2.0 Throwing
 + Level 13.2 Dodging
 - Level 4.0 Stealth
 + Level 7.1 Invocations


You had 13 spell levels left.
You didn't know any spells.
Your spell library contained the following spells:

 Spells                   Type           Power      Damage    Failure   Level
 Freeze                   Ice            0%         1d3       41%         1
 Sandblast                Erth           0%         2d4       41%         1
 Sting                    Tmut/Pois      0%         1d3       41%         1
 Passwall                 Tmut/Erth      0%         N/A       54%         2
 Poisonous Vapours        Pois/Air       0%         N/A       54%         2
 Sublimation of Blood     Necr           0%         N/A       54%         2
 Wereblood                Tmut           0%         N/A       54%         2
 Frozen Ramparts          Ice            0%         1d1       78%         3
 Gell's Gravitas          Tloc           0%         N/A       78%         3
 Hailstorm                Conj/Ice       0%         3d3       78%         3
 Stone Arrow              Conj/Erth      0%         3d7       78%         3
 Teleport Other           Tloc           0%         N/A       78%         3
 Olgreb's Toxic Radiance  Pois           0%         N/A       99%         4
 Dispersal                Tloc           0%         N/A       100%        6
 Malign Gateway           Summ/Tloc      0%         N/A       100%        7
 Summon Hydra             Summ           0%         N/A       100%        7
 Summon Horrible Things   Summ           0%         N/A       100%        8


Dungeon Overview and Level Annotations

Branches:
Dungeon (13/15)            Temple (1/1) D:6            Lair (5/5) D:9
  Swamp (0/4) Lair:3       Spider (0/4) Lair:2        Slime (0/5) Lair:4
    Orc (2/2) D:10         Bailey (visited)
    Elf: Orc:2       Vaults: D:13-14

Altars:
Ashenzari
Cheibriados
Dithmenos
Elyvilon
Fedhas
Gozag
Hepliaklqana
Kikubaaqudgha
Makhleb
Nemelex Xobeh
Okawaru
Qazlal
Ru
Sif Muna
Trog
Uskayaw
Vehumet
Wu Jian
Xom
Yredelemnul
Zin
The Shining One

Shops:
D:3 *[   Orc:1 ?

Portals:
Trove: D:12 (show abyssal rune of Zot)

Annotations:
Orc:2 Snorg


Innate Abilities, Weirdness & Mutations

You have a beak for a mouth.
You have claws for feet.
Your magical nature lets you fly swiftly and evasively.
Your mind is acute. (Int +4, Str/Dex -1)
You occasionally shout uncontrollably at your foes.
You are covered in fur. (AC +1)
You do not regenerate when monsters are visible.


Message History

The orc sorcerer is engulfed in blazing flames.
The orc sorcerer completely misses you.
You see here a +0 short sword.
You hit the orc sorcerer but do no damage.
You claw the orc sorcerer, but do no damage.
You peck the orc sorcerer, but do no damage.
Your punch misses the orc sorcerer.
The orc sorcerer is moderately wounded.
You puncture the orc sorcerer! You claw the orc sorcerer.
You peck the orc sorcerer.
The orc sorcerer is almost dead.
You barely miss the orc sorcerer. You claw the orc sorcerer.
You kill the orc sorcerer!
Qazlal accepts your kill.
The orc priest begins to cast a cantrip, but forgets the words!
The orc sorcerer casts a spell at you. The bolt of negative energy misses you.
Your life force feels restored.
The orc warrior shouts!
You block the sun demon's attack. The orc sorcerer casts a spell at you.
You suddenly lose the ability to move!
The sun demon hits you!!
You are engulfed in flames!
* * * LOW HITPOINT WARNING * * *
The orc sorcerer hits you with a +0 dagger.
* * * LOW HITPOINT WARNING * * *
You feel protected from physical attacks.
You hear a shout!
The orc shouts!
The sun demon hits you but does no damage.
The orc warrior throws a boomerang.
The boomerang hits you but does no damage.
The orc sorcerer hits you but does no damage.
You hear a shout!
The sun demon hits you!
* * * LOW HITPOINT WARNING * * *
You are engulfed in flames!
Your resistance to physical damage fades away.
You feel protected from fire.
You die...

.# #... ... ..
###oo###....
#.##.ooo...o.#
##..oooo)o...#
#...{.T)o....#
##.##{#[#....#
###oo##.....#
#.o))##....#
##3@## #....#
##.#○## #....
#....<# ....
##.#.## .#
#####


You could see Snorg, a sun demon (summoned), an orc sorcerer, 2 orc warriors, 3
orc priests and 4 orcs.

Vanquished Creatures
  2 shambling mangroves (Lair:4)
  3 hydras
  4 catoblepae (Lair:5)
  3 two-headed ogres
  A boulder beetle (D:12)
  7 death yaks (Lair:5)
  3 orc high priests
  An orc knight (Orc:1)
  An oklob plant (Lair:4)
  8 orc sorcerers
  3 manticores
  2 cyclopes (D:12)
  9 elephants (Lair:5)
  4 black mambas
  10 cane toads
  Psyche (D:8)
  6 komodo dragons
  2 rime drakes (Lair:5)
  4 trolls
  2 polar bears
  A dream sheep (Lair:1)
  2 hornets (Lair:4)
  15 blink frogs
  A shadow (D:7)
  4 wyverns
  38 yaks
  A wraith (D:11)
  2 basilisks
  A steam dragon (D:8)
  A warg (Orc:1)
  6 vampire mosquitoes (D:12)
  2 acid dragons
  Duvessa (D:7)
  24 orc warriors
  12 water moccasins
  A black bear (D:7)
  2 sky beasts
  5 ogres
  3 ice beasts
  13 wolves
  3 centaurs
  3 phantoms
  2 kobold brigands
  9 bullfrogs
  A gnoll sergeant (D:7)
  5 scorpions
  12 wights
  Dowan (D:7)
  A ballistomycete (Lair:4)
  9 howler monkeys
  3 electric eels (Lair:5)
  A jelly (D:5)
  3 lava snakes (Lair:5)
  17 orc priests
  4 hounds
  A gnoll bouda (D:5)
  3 iguanas
  Natasha (thrice) (D:2)
  29 orc wizards
  4 hell rats (Lair:5)
  10 gnolls
  4 adders
  2 shadow imps
  2 white imps
  2 worms (D:2)
  A dart slug (D:4)
  60 orcs
  4 ball pythons
  3 endoplasms
  A giant cockroach (D:4)
  5 goblins
  8 hobgoblins
  3 quokkas
  5 bats
  A frilled lizard (D:3)
  13 kobolds
  3 rats
  2 butterflies (Lair:5)
454 creatures vanquished.

Vanquished Creatures (collateral kills)
  Grum (D:11)
  An acid dragon (D:11)
  A wolf (D:11)
3 creatures vanquished.

Vanquished Creatures (others)
  An orc priest (Orc:2)
  A kobold (D:9)
  A ballistomycete spore (Lair:4)
  10 fungi
  29 plants
42 creatures vanquished.

Grand Total: 499 creatures vanquished

Notes
Turn   | Place    | Note
-------+----------+-------------------------------------------
     0 | D:1      | purpskrrrp the Tengu Brigand began the quest for the Orb.
     0 | D:1      | Reached XP level 1. HP: 12/12 MP: 2/2
   226 | D:1      | Reached XP level 2. HP: 13/17 MP: 3/3
   818 | D:2      | Reached skill level 3 in Short Blades
  1041 | D:2      | Reached XP level 3. HP: 11/22 MP: 4/4
  1044 | D:2      | Noticed Natasha
  1058 | D:2      | Killed Natasha
  1059 | D:2      | Reached XP level 4. HP: 10/27 MP: 5/5
  1345 | D:2      | Noticed Natasha
  1351 | D:2      | Killed Natasha
  1352 | D:2      | Reached skill level 4 in Short Blades
  1377 | D:2      | Noticed Natasha
  1382 | D:2      | Killed Natasha
  1383 | D:2      | Gained mutation: Your magical nature lets you fly swiftly
                  | and evasively. [Tengu growth]
  1383 | D:2      | Reached XP level 5. HP: 32/32 MP: 6/6
  1687 | D:3      | Found a broken altar of Ashenzari.
  1800 | D:3      | Found a burning altar of Makhleb.
  1862 | D:3      | Identified the +0 leather armour of the Mauling Gods {+Inv
                  | Str-3 Slay+3}
  1894 | D:3      | Found Weufix's Armour Emporium.
  2240 | D:3      | Found Imecui's Assorted Antiques.
  2460 | D:4      | Reached skill level 5 in Short Blades
  2460 | D:4      | Reached XP level 6. HP: 28/37 MP: 7/7
  2591 | D:3      | Bought a scroll of enchant armour for 187 gold pieces
  2998 | D:4      | Found a shimmering blue altar of Sif Muna.
  3036 | D:4      | Reached XP level 7. HP: 42/42 MP: 8/8
  3271 | D:5      | Entered Level 5 of the Dungeon
  3283 | D:5      | Reached skill level 6 in Short Blades
  3457 | D:5      | Reached skill level 7 in Short Blades
  3461 | D:5      | Reached XP level 8. HP: 48/48 MP: 9/9
  3501 | D:5      | Reached skill level 5 in Dodging
  3527 | D:5      | Reached skill level 5 in Fighting
  3949 | D:6      | Reached skill level 8 in Short Blades
  4095 | D:6      | Found a shadowy altar of Dithmenos.
  4179 | D:6      | Found a staircase to the Ecumenical Temple.
  4317 | D:6      | Found a hazy altar of Hepliaklqana.
  4492 | Temple   | Entered the Ecumenical Temple
  4765 | Temple   | Became a worshipper of Qazlal Stormbringer
  4978 | D:3      | Gained mutation: You do not regenerate when monsters are
                  | visible. [potion of mutation]
  4978 | D:3      | Gained mutation: Your mind is acute. (Int +4, Str/Dex -1)
                  | [potion of mutation]
  4978 | D:3      | Gained mutation: You occasionally shout uncontrollably at
                  | your foes. [potion of mutation]
  4978 | D:3      | Gained mutation: You are covered in fur. (AC +1) [potion of
                  | mutation]
  5112 | D:7      | Reached XP level 9. HP: 55/55 MP: 10/10
  5127 | D:7      | Reached skill level 9 in Short Blades
  5145 | D:7      | Found a glowing golden altar of the Shining One.
  5255 | D:7      | Noticed Dowan
  5258 | D:7      | Noticed Duvessa
  5260 | D:7      | Killed Dowan
  5267 | D:7      | Killed Duvessa
  5555 | D:7      | Found a radiant altar of Vehumet.
  5563 | D:7      | Reached skill level 10 in Short Blades
  5739 | D:7      | Reached * piety under Qazlal
  6016 | D:8      | Found a flagged portal.
  6022 | Bailey   | Entered a bailey
  6292 | Bailey   | Reached XP level 10. HP: 63/63 MP: 11/11
  6302 | Bailey   | Reached skill level 11 in Short Blades
  6700 | D:8      | Noticed Psyche
  6711 | D:8      | Killed Psyche
  7220 | D:9      | Noticed a two-headed ogre
  7497 | D:9      | Reached ** piety under Qazlal
  7507 | D:9      | Reached skill level 12 in Short Blades
  8004 | D:9      | Noticed a death yak
  8005 | D:9      | Noticed a death yak
  8006 | D:9      | Found a staircase to the Lair.
  8006 | D:9      | Noticed a death yak
  8392 | D:9      | Killed a two-headed ogre
  8765 | D:10     | Entered Level 10 of the Dungeon
  9034 | D:10     | Noticed an ogre mage
  9034 | D:10     | Noticed a deep elf pyromancer
  9034 | D:10     | Noticed a skeletal warrior
  9034 | D:10     | Noticed a centaur warrior
  9051 | D:10     | Noticed a manticore
  9051 | D:10     | Noticed a centaur warrior
  9055 | D:10     | Noticed a wolf spider
  9070 | D:10     | Reached XP level 11. HP: 53/69 MP: 12/12
  9176 | D:10     | Found a staircase to the Orcish Mines.
  9369 | D:10     | Reached skill level 13 in Short Blades
  9398 | D:10     | Found a glowing silver altar of Zin.
  9410 | D:10     | Noticed a boulder beetle
  9688 | D:10     | Found a sacrificial altar of Ru.
  9818 | D:11     | Found a sacrificial altar of Ru.
  9820 | D:11     | Noticed a two-headed ogre
  9833 | D:11     | Killed a two-headed ogre
  9844 | D:11     | Noticed Grum
  9857 | D:11     | Killed Grum
 10461 | D:11     | You are sucked into a shaft and drop 1 floor!
 10527 | D:12     | Noticed a two-headed ogre
 10533 | D:12     | Killed a two-headed ogre
 10623 | D:12     | Noticed a cyclops
 11075 | D:12     | Killed a cyclops
 11257 | D:12     | Noticed a boulder beetle
 11275 | D:12     | Killed a boulder beetle
 11276 | D:12     | Reached skill level 14 in Short Blades
 11276 | D:12     | Reached skill level 10 in Dodging
 11319 | D:12     | Noticed a cyclops
 11327 | D:12     | Killed a cyclops
 11432 | D:12     | Noticed a manticore
 11447 | D:12     | Killed a manticore
 11540 | D:12     | Found a portal to a secret trove of treasure.
 12172 | Lair:1   | Entered Level 1 of the Lair of Beasts
 12389 | Lair:1   | Reached skill level 1 in Invocations
 12419 | Lair:1   | Reached XP level 12. HP: 77/77 MP: 13/13
 12665 | Lair:1   | Reached *** piety under Qazlal
 13174 | Lair:2   | Reached skill level 10 in Fighting
 13268 | Lair:2   | Reached skill level 15 in Short Blades
 13374 | Lair:2   | Noticed a six-headed hydra
 13383 | Lair:2   | Killed a six-headed hydra
 13750 | Lair:2   | Found a hole to the Spider Nest.
 14107 | Lair:3   | Noticed a five-headed hydra
 14118 | Lair:3   | Killed a five-headed hydra
 14345 | Lair:3   | Found a staircase to the Swamp.
 15295 | D:3      | Bought a glowing sapphire ring for 125 gold pieces
 15295 | D:3      | Bought a green potion for 22 gold pieces
 15295 | D:3      | Bought 2 scrolls of identify for 100 gold pieces
 15295 | D:3      | Bought a scroll of teleportation for 75 gold pieces
 15667 | Lair:4   | Reached **** piety under Qazlal
 15714 | Lair:4   | Reached skill level 16 in Short Blades
 15719 | Lair:4   | Reached XP level 13. HP: 83/83 MP: 17/17
 15801 | Lair:4   | Found a staircase to the Slime Pits.
 16489 | Lair:5   | Entered Level 5 of the Lair of Beasts
 16688 | Lair:5   | Identified the +0 chain mail of Hunka {Int+5 Dex+2 SInv}
 16705 | Lair:5   | Reached skill level 5 in Invocations
 17256 | Lair:5   | Reached skill level 17 in Short Blades
 17483 | Lair:5   | Reached ***** piety under Qazlal
 17533 | Lair:5   | Reached XP level 14. HP: 82/91 MP: 19/19
 18415 | Lair:5   | Identified the +7 short sword "Qoahiana" {pain, Str+7 Int+7
                  | Stlth-}
 19512 | Orc:1    | Entered Level 1 of the Orcish Mines
 19602 | Orc:1    | Found Qisiv's Magic Scroll Emporium.
 19681 | Orc:1    | Bought a scroll of identify for 24 gold pieces
 19681 | Orc:1    | Bought a scroll of magic mapping for 90 gold pieces
 19681 | Orc:1    | Bought a scroll of identify for 24 gold pieces
 19681 | Orc:1    | Bought a scroll of blinking for 90 gold pieces
 19681 | Orc:1    | Bought a scroll of identify for 24 gold pieces
 19886 | Orc:2    | Entered Level 2 of the Orcish Mines
 19891 | Orc:2    | Reached skill level 18 in Short Blades
 21053 | Orc:2    | Noticed Snorg
 21574 | Orc:2    | Paralysed by an orc sorcerer for 2 turns
 21634 | Orc:2    | Paralysed by an orc sorcerer for 3 turns
 21637 | Orc:2    | Mangled by a sun demon

Illustrated notes

Levels and vault maps discovered:
D:1:      minmay_arrival_semitransparent, layout_loops_ring
D:2:      layout_basic, serial_forest, infiniplex_forest_join,
          infiniplex_forest_pool, infiniplex_forest_clump_small,
          infiniplex_forest_end_1, infiniplex_forest_zigzag_2, uniq_natasha
D:3:      layout_loops_cross, lemuel_round_altar, overflow_temple_1_default,
          serial_shops, shop, shop
D:4:      layout_cave_pools, led_sif_pool, nicolae_figureground_sparkle
D:5:      layout_cave_pools
D:6:      layout_rooms, grunt_dithmenos_shadows, nzn_hepliaklqana_mist_gate,
          minmay_temple_entry_butterflies, minivault_27
D:7:      layout_loops_cross, mainiacjoe_overflow_chevrons, lemuel_tele_altar,
          uniq_duvessa
D:8:      layout_gridville, enter_bailey_4, solitary_fountain,
          kennysheep_minor_cross, uniq_psyche
D:9:      layout_layer_cave, dpeg_lair_monsters, minivault_21
D:10:     layout_cave_pools, kennysheep_mini_moat,
          nicolae_overflow_hidden_temple, david_orc_3, minivault_12
D:11:     layout_loops_ring, nicolae_ru_sacrificial_ziggurat, uniq_grum
D:12:     layout_irregular_city, nicolae_trove_entry_free_sample
D:13:     layout_rooms, serial_shops, nicolae_shop_hallway_plus,
          nicolae_take_the_stairs, nicolae_shop_trees, shop,
          gauntlet_entry_generic, grunt_ministairs_14
Temple:   oiseaux_autumnal_temple
Lair:1:   layout_cave_pods, st_stairs_4, chequers_serial_rivers_micro_e,
          grunt_megastairs_3, infiniplex_staircase_pool_2
Lair:2:   layout_long_grid, spider_nest_entry_web_field, nicolae_lair_lil_pond
Lair:3:   layout_hall_layers, swamp_mist, columned_hall_lemuel
Lair:4:   layout_regular_city, minmay_slime_entry_oklob_enclosed
Lair:5:   evilmike_catoblepas_cave, layout_regular_city,
          nicolae_lair_liquid_snakes, serial_bayou_shore_b, lemuel_fruit_fields
Orc:1:    layout_caves, nicolae_volcano_entry_two_sided, serial_shops, shop
Orc:2:    st_orc_mages, layout_caves, serial_shops, nicolae_shop_trees,
          nicolae_shop_overcharged_wands, uniq_snorg

Skill      XL: |  1  2  3  4  5  6  7  8  9 10 11 12 13 14 |
---------------+-------------------------------------------+-----
Short Blades   | 3 4 5 7 8 10 12 14 16 17 18 | 18.3
Dodging        | 2 3 4 6 7 9 10 11 12 13 | 13.2
Fighting       | 3 4 5 7 8 9 10 11 12 | 12.3
Invocations    | 1 4 6 7 |  7.1
Throwing       | |  2.0
Stealth        | |  4.0

Action                   |  1- 3 |  4- 6 |  7- 9 | 10-12 | 13-15 || total
-------------------------+-------+-------+-------+-------+-------++-------
Melee: Dagger            |    39 |    44 |   159 |     4 |       ||   246
       Kick              |     6 |    19 |    65 |   169 |   271 ||   530
       Peck              |     2 |     8 |    37 |   103 |   167 ||   317
       Punch             |       |       |     2 |     2 |     3 ||     7
       Short sword       |       |       |       |   411 |   586 ||   997
Throw: Dart              |    53 |    68 |    23 |   151 |       ||   295
       Boomerang         |       |     5 |    80 |     8 |       ||    93
Invok: Upheaval          |       |       |       |     1 |       ||     1
       Elemental Force   |       |       |       |       |     1 ||     1
Evoke: Wand              |       |       |     4 |    23 |    17 ||    44
  Use: Potion            |     1 |       |     1 |     1 |     6 ||     9
       Scroll            |       |    10 |     4 |    24 |     5 ||    43
 Stab: Distracted        |       |     1 |       |       |       ||     1
       Petrified         |       |       |       |       |     1 ||     1
       Paralysed         |       |       |       |       |     1 ||     1
Armor: Robe              |     9 |       |       |       |       ||     9
       Leather armour    |       |     5 |    16 |    11 |    32 ||    64
Dodge: Dodged            |    17 |    21 |    74 |   118 |   222 ||   452
       Repelled          |       |       |       |       |    13 ||    13
Block: Other             |       |     3 |    27 |    75 |   138 ||   243
       Reflection        |       |       |       |    10 |     6 ||    16

Table legend: (Time is in decaauts)
 A = Elapsed time spent in this place.
 B = Non-inter-level travel time spent in this place.
 C = Inter-level travel time spent in this place.
 D = Time resting spent in this place.
 E = Time spent auto-exploring this place.
 F = Levels seen in this place.
 G = Mean time per level.
                   A        B        C        D        E       F      G
               +--------+--------+--------+--------+--------+-----+--------+
         Total |  19653 |  17723 |   1930 |   3710 |  11446 |  22 |  893.3 |
       Dungeon |  10913 |   9575 |   1338 |   1035 |   7102 |  13 |  839.5 |
        Temple |    269 |    191 |     78 |      0 |    174 |   1 |  269.0 |
          Lair |   6214 |   5783 |    431 |   1213 |   3888 |   5 | 1242.8 |
  Orcish Mines |   1901 |   1819 |     82 |   1364 |    219 |   2 |  950.5 |
        Bailey |    355 |    355 |      0 |     98 |     60 |   1 |  355.0 |
               +--------+--------+--------+--------+--------+-----+--------+

Top non-repeatable levels by time:
  Lair:4: 1782 daAuts
   Orc:1: 1725 daAuts
  Lair:5: 1693 daAuts
     D:9: 1517 daAuts
    D:12: 1158 daAuts
     D:8: 1139 daAuts
    D:11: 1015 daAuts
     D:2: 960 daAuts
  Lair:3: 955 daAuts
  Lair:1: 926 daAuts
     D:3: 861 daAuts
  Lair:2: 855 daAuts
     D:7: 842 daAuts
     D:4: 722 daAuts
     D:5: 703 daAuts
